 Dungeon Crawl Stone Soup version 0.30.0-29-ga12c61a403 (webtiles) character file.

Game seed: 11526628858056482719

494 cheesebisquit the Reanimator (level 6, 32/32 HPs)
             Began as a Deep Elf Necromancer on June 17, 2023.
             Quit the game on level 4 of the Dungeon.
             The game lasted 00:13:43 (4613 turns).

cheesebisquit the Reanimator (Deep Elf Necromancer) Turns: 4613, Time: 00:13:44

Health: 32/32      AC:  5    Str:  5    XL:     6   Next: 92%
Magic:  17/17      EV: 12    Int: 25    God:
Gold:   107        SH:  0    Dex: 15    Spells: 4/17 levels left

rFire   . . .        t - +2 dagger (venom)
rCold   . . .        (no shield)
rNeg    . . .        a - +0 robe
rPois   .            b - +1 helmet {Int+3}
rElec   .            (no cloak)
rCorr   .            p - +0 pair of gloves
SInv    .            (no boots)
Will    .....        (no amulet)
Stlth   ++           (no ring)
HPRegen 0.25/turn    (no ring)
MPRegen 0.15/turn

%: no passive effects
@: no status effects
A: no striking features
a: no special abilities


You were on level 4 of the Dungeon.
You visited 1 branch of the dungeon, and saw 5 of its levels.

You collected 107 gold pieces.

Inventory:

Hand Weapons
 t - a +2 dagger of venom (weapon)
Armour
 a - a +0 robe (worn)
 b - a +1 helmet of intelligence (worn)
 p - a +0 pair of gloves (worn)
Wands
 h - a wand of digging (1)
Scrolls
 c - 2 scrolls of magic mapping
 d - a scroll of amnesia {unknown}
 i - a scroll of blinking {unknown}
 k - a scroll of noise {unknown}
 l - a scroll of fog {unknown}
 m - a scroll of enchant armour {unknown}
Potions
 e - a potion of curing
 f - a potion of cancellation {unknown}
 g - 2 potions of ambrosia
 j - 2 potions of brilliance
 n - a potion of lignification
 o - 2 potions of attraction
 q - a potion of degeneration
 s - a potion of flight {unknown}


   Skills:
 - Level 2.4 Dodging
 - Level 2.4 Stealth
 - Level 6.1 Spellcasting
 + Level 8.7 Necromancy


You had 4 spell levels left.
You knew the following spells:

 Your Spells              Type           Power      Damage    Failure   Level
a - Necrotise             Necr           100%       1d9       1%          1
b - Vampiric Draining     Necr           51%        2d9       1%          3
c - Animate Dead          Necr           51%        N/A       1%          4
d - Agony                 Necr           51%        N/A       5%          5

Your spell library contained the following spells:

 Spells                   Type           Power      Damage    Failure   Level
 Freeze                   Ice            28%        1d5       8%          1
 Sting                    Tmut/Pois      28%        1d4       8%          1
 Summon Small Mammal      Summ           28%        N/A       8%          1
 Poisonous Vapours        Pois/Air       14%        N/A       11%         2
 Call Canine Familiar     Summ           7%         N/A       22%         3
 Frozen Ramparts          Ice            14%        1d3       22%         3
 Hailstorm                Conj/Ice       7%         3d4       22%         3
 Portal Projectile        Hex/Tloc       14%        N/A       22%         3
 Summon Guardian Golem    Hex/Summ       7%         N/A       22%         3
 Tukima's Dance           Hex            7%         N/A       22%         3
 Olgreb's Toxic Radiance  Pois           7%         N/A       58%         4
 Blade Hands              Tmut           3%         N/A       90%         5


Dungeon Overview and Level Annotations

Branches:
Dungeon (5/15)
 Temple: D:4-7

Altars:
Ashenzari
Dithmenos
Fedhas
Okawaru
Ru
Trog
Uskayaw
Yredelemnul


Message History

You drop a +0 vampiric dagger.
You open the door.
There is an open door here.
You see here 6 stones.
You open the door.
There is an open door here.
There is an open door here.
There is an open door here.
There is an open door here.
You see here a +0 robe.
Things that are here:
a +0 short sword of venom; a +0 scale mail of cold resistance
Things that are here:
a +0 short sword of venom; a +0 scale mail of cold resistance
There is an open door here.
Things that are here:
a +0 club; a +0 leather armour
There is an open door here.
Done exploring.
Done exploring.
There is an open door here.
There is a stone staircase leading down here.
Unknown command.
There is a stone staircase leading down here.
There is a stone staircase leading down here.
Saving game... please wait.
Welcome back, cheesebisquit the Deep Elf Necromancer.
Press ? for a list of commands and other information.
There is an open door here.
There is an open door here.
There is a stone staircase leading down here.
You climb downwards.
Found 8 gold pieces.
There is a stone staircase leading up here.
You climb upwards.
There is a stone staircase leading down here.
Saving game... please wait.
Welcome back, cheesebisquit the Deep Elf Necromancer.
Press ? for a list of commands and other information.
Are you sure you want to abandon this character and quit the game? (Confirm with "yes".)

#.# #####.###.........#.# #.#
#.........#.#####.#.# #.#
#.###.###.........#.######
#.###.###.# ###'#######.##...##
#.........# ##...## #........#
#####.#######[....## #........#
.......# ##.......###........#
.###...####.........####.....##
..........'.....@...'.......##
.###...####.........####....##
.# #...# ##.......## ##.#..##
.####..# ##.....## ###.#.##
.......# ##...## #.###.#
#####)## ##'## ##.#.## #.# #.#
##.## ####.#### #.# #.#
#.......# ##.## #.#


There were no monsters in sight!

Vanquished Creatures
  Duvessa (D:4)
  An ogre (D:3)
  Dowan (D:4)
  A jelly (D:4)
  2 hounds (D:4)
  An orc wizard (D:4)
  4 adders
  4 dart slugs
  6 orcs
  7 bats
  6 endoplasms
  4 giant cockroaches
  10 goblins
  7 hobgoblins
  5 quokkas
  13 ball pythons
  4 frilled lizards
  4 kobolds
  5 rats
86 creatures vanquished.

Vanquished Creatures (collateral kills)
  Robin (D:3)
  A dart slug (D:2)
  3 goblins (D:3)
5 creatures vanquished.

Grand Total: 91 creatures vanquished

Notes
Turn   | Place    | Note
-------+----------+-------------------------------------------
     0 | D:1      | cheesebisquit the Deep Elf Necromancer began the quest for
                  | the Orb.
     0 | D:1      | Reached XP level 1. HP: 10/10 MP: 6/6
   138 | D:1      | Reached skill level 5 in Necromancy
   296 | D:1      | Reached XP level 2. HP: 15/15 MP: 5/8
  1218 | D:2      | Reached XP level 3. HP: 13/19 MP: 5/10
  1574 | D:2      | Found a faded altar of an unknown god.
  1807 | D:2      | Reached XP level 4. HP: 18/24 MP: 5/12
  2135 | D:2      | Learned a level 3 spell: Vampiric Draining
  2140 | D:2      | Learned a level 4 spell: Animate Dead
  2268 | D:3      | Found a bloodstained altar of Trog.
  2272 | D:3      | Reached skill level 6 in Necromancy
  2462 | D:3      | Found a shadowy altar of Dithmenos.
  2464 | D:3      | Found a basalt altar of Yredelemnul.
  2471 | D:3      | Found an iron altar of Okawaru.
  2471 | D:3      | Found a sacrificial altar of Ru.
  2471 | D:3      | Found a broken altar of Ashenzari.
  2476 | D:3      | Found a hide-covered altar of Uskayaw.
  2655 | D:3      | Noticed Robin
  2662 | D:3      | Reached skill level 5 in Spellcasting
  2676 | D:3      | Killed Robin
  2780 | D:3      | Noticed an ogre
  2918 | D:3      | Killed an ogre
  2919 | D:3      | Reached XP level 5. HP: 28/28 MP: 9/15
  3337 | D:4      | Learned a level 5 spell: Agony
  3458 | D:4      | Reached skill level 7 in Necromancy
  3462 | D:4      | Reached XP level 6. HP: 31/32 MP: 10/17
  3852 | D:4      | Noticed Duvessa
  3854 | D:4      | Noticed Dowan
  3870 | D:4      | HP: 1/32 [Dowan/+0 vampiric dagger (4)]
  3874 | D:4      | Killed Duvessa
  3875 | D:4      | Reached skill level 8 in Necromancy
  4049 | D:4      | Killed Dowan
  4277 | D:4      | Found a blossoming altar of Fedhas.
  4610 | D:5      | Entered Level 5 of the Dungeon
  4613 | D:4      | Quit the game

Illustrated notes

Levels and vault maps discovered:
D:1:      psy_arrival_dodecagon, layout_basic
D:2:      kennysheep_six_static_rooms, layout_basic,
          hellmonk_ecumenical_altar_lost_god
D:3:      layout_loops_ring, nicolae_overflow_crystal_walls, minitemple,
          uniq_robin
D:4:      layout_loops_corners, fedhas_ov_isle_minmay, uniq_duvessa
D:5:      layout_basic, nemelex_altar_shiori, uniq_prince_ribbit1

Skill      XL: |  1  2  3  4  5  6 |
---------------+-------------------+-----
Necromancy     | 5 6 7 8 |  8.7
Spellcasting   | 4 5 6 |  6.1
Dodging        | |  2.4
Stealth        | |  2.4

Action                     |  1- 3 |  4- 6 || total
---------------------------+-------+-------++-------
  Melee: Unarmed           |     2 |       ||     2
   Cast: Necrotise         |    80 |   110 ||   190
    Use: Potion            |       |     4 ||     4
         Scroll            |       |    10 ||    10
 Armour: Robe              |     2 |    11 ||    13
  Dodge: Dodged            |    12 |    31 ||    43
